Map: 10000 Feet LE

Players

Avius

  • Race: Terran Terran
  • League: Platinum
  • Spawn Location: 11:00

A.I. 1 (Very Easy) - Winner!

  • Race: Zerg Zerg
  • Spawn Location: 5:00

VOD

Have the link to the VOD?

Description

BC Rush build

Time

  • Played on: March 21, 2026, 6:16 a.m.
  • Length: 4:05
Show
View Real Time Build Order
Export as new Build Order

Avius Terran 

Build Orders: 1/1/1 

Get SALT Encoding   

  12  0:00  SCV  
  13  0:12  SCV  
  14  0:17  Supply Depot  
  14  0:24  SCV  
  15  0:29  Refinery  
  15  0:41  Barracks  
  15  0:45  SCV  
  16  0:51  Refinery  
  16  0:59  SCV  
  17  1:11  SCV  
  18  1:23  SCV  
  19  1:29  Factory  
  19  1:33  Reaper  
  19  1:38  Orbital Command  
  20  1:49  Supply Depot  
  20  2:13  Hellion  
  22  2:16  Starport  
  22  2:19  SCV  
  22  2:21  Reaper  
  24  2:32  SCV  
  25  2:38  Hellion  
  27  2:44  SCV  
  28  2:56  Fusion Core  
  28  2:59  Factory Tech Lab  
  28  3:02  SCV  
  28  3:04  Starport Tech Lab  
  29  3:12  Barracks Reactor  
  29  3:14  SCV  
  30  3:22  Command Center  
  30  3:28  SCV  
  31  3:49  Supply Depot  
Show
View Real Time Build Order
Export as new Build Order

A.I. 1 (Very Easy) Zerg - Winner!

Build Orders: Pool Only 

Get SALT Encoding   

  12  0:01  Drone  
  13  0:12  Overlord  
  13  0:16  Drone  
  14  0:35  Spawning Pool  
  14  0:36  Extractor  
  14  0:39  Drone  
  13  0:46  Drone  
  14  0:53  Overlord  
  14  1:22  Queen  
  14  1:23  Zergling x2  
  17  1:35  Roach Warren  
  17  1:37  Extractor  
  16  1:40  Drone  
  17  1:47  Drone  
  17  1:50  Zergling x2  
  18  2:06  Drone  
  19  2:13  Drone  
  20  2:16  Zergling x2  
  22  2:22  Drone  
  22  2:31  Overlord  
  22  2:36  Drone  
  23  2:43  Roach  
  23  2:44  Drone  
  26  2:51  Drone  
Tags
 
League
Platinum
Matchup
TvZ
Spawn Locations
Cross Positions
Add a new tag
Caveats
  • Supply blocks, unpowered buildings, or Contaminate may cause inaccurate times.
  • Supply counts are checked every 10 seconds.